 Dungeon Crawl Stone Soup version 0.27-a0-1147-gb3d8e82157 (webtiles) character file.

Game seed: 13353635990117095108

8365 st0uf the Transmogrifier (level 11, 0/118 HPs)
             Began as a Green Draconian Transmuter on May 11, 2021.
             Was a High Priest of Nemelex Xobeh.
             Slain by an eight-headed hydra (8 damage)
             ... on level 1 of the Lair of Beasts.
             The game lasted 00:50:16 (13678 turns).

st0uf the Transmogrifier (DrTm)                    Turns: 13678, Time: 00:50:22

Health: 0/118      AC:  7    Str: 12    XL:     11   Next: 9%
Magic:  24/29      EV:  9    Int: 16    God:    Nemelex Xobeh [*****.]
Gold:   640        SH:  5    Dex: 13    Spells: 7/22 levels left

rFire    . . .     SeeInvis .     - Unarmed
rCold    . . .     Faith    .   (shield currently unavailable)
rNeg     . . .     Spirit   .   (armour unavailable)
rPois    +         Reflect  +   (helmet currently unavailable)
rElec    .         Harm     .   (cloak currently unavailable)
rCorr    .         Rampage  .   (gloves currently unavailable)
Will     .....                  (boots currently unavailable)
Stlth    +++.......             H - amulet of reflection
HPRegen  0.29/turn              J - ring of magical power
MPRegen  0.21/turn              (no ring)

@: short of breath, hydra-form
A: fast swimmer, devour, amphibious, boosted hp, (breathe noxious fumes), AC +7,
very large, unfitting armour, (poison resistance), (cold-blooded)
a: End Transformation, Renounce Religion, Draw Escape, Draw Destruction, Draw
Summoning, Triple Draw, Deal Four, Stack Five


You were on level 1 of the Lair of Beasts.
You worshipped Nemelex Xobeh.
Nemelex Xobeh was extremely pleased with you.
You were a four-headed hydra.
You visited 3 branches of the dungeon, and saw 13 of its levels.

You collected 640 gold pieces.

Inventory:

Missiles
 d - 3 throwing nets
 h - 75 poisoned darts
 x - 2 datura-tipped darts
Armour
 r - a +0 cloak (melded)
 G - a +0 tower shield
 P - a +0 pair of gloves (melded)
Magical Staves
 q - a staff of earth
Jewellery
 e - an amulet of the acrobat
 H - an amulet of reflection (around neck)
 J - a ring of magical power (left foreclaw)
 K - a ring of resist corrosion
Wands
 u - a wand of charming (6)
 y - a wand of polymorph (6)
 F - a wand of iceblast (10)
 L - a wand of acid (6)
 M - a wand of mindburst (9)
 N - a wand of paralysis (11)
 O - a wand of flame (33)
Scrolls
 b - 9 scrolls of identify {unknown}
 c - 4 scrolls of teleportation {unknown}
 f - 2 scrolls of enchant weapon {unknown}
 g - 3 scrolls of enchant armour {unknown}
 j - 3 scrolls of fear {unknown}
 k - 3 scrolls of magic mapping {unknown}
 l - 2 scrolls of summoning {unknown}
 n - 2 scrolls of immolation {unknown}
 s - 3 scrolls of amnesia {unknown}
 t - a scroll of torment {unknown}
 v - 2 scrolls of noise {unknown}
 C - 4 scrolls of vulnerability {unknown}
 D - 3 scrolls of silence {unknown}
 I - a scroll of holy word {unknown}
Potions
 a - a potion of cancellation {unknown}
 i - a potion of resistance {unknown}
 m - a potion of invisibility {unknown}
 o - 2 potions of brilliance {unknown}
 w - a potion of curing {unknown}
 z - 3 potions of might {unknown}
 A - a potion of flight {unknown}
 B - 2 potions of lignification {unknown}
 E - 2 potions of degeneration {unknown}


   Skills:
 + Level 6.8 Fighting
 + Level 5.9 Dodging
 - Level 6.0 Stealth
 + Level 6.9 Unarmed Combat
 + Level 6.0 Spellcasting
 * Level 9.1 Transmutations
 + Level 1.6 Earth Magic
 + Level 5.6 Poison Magic


You had 7 spell levels left.
You knew the following spells:

 Your Spells              Type           Power      Damage    Failure   Level
a - Beastly Appendage     Tmut           68%        N/A       1%          1
b - Wereblood             Tmut           34%        N/A       1%          2
c - Spider Form           Tmut/Pois      14%        N/A       1%          3
d - Hydra Form            Tmut           17%        N/A       9%          5
e - Petrify               Tmut/Erth      22%        N/A       16%         4

Your spell library contained the following spells:

 Spells                   Type           Power      Damage    Failure   Level
 Animate Skeleton         Necr           8%         N/A       14%         1
 Apportation              Tloc           8%         N/A       14%         1
 Corona                   Hex            4%         N/A       14%         1
 Summon Small Mammal      Summ           16%        N/A       14%         1
 Ice Form                 Ice/Tmut       19%        N/A       21%         4
 Confusing Touch          Hex            4%         N/A       38%         3
 Gell's Gravitas          Tloc           2%         N/A       38%         3
 Yara's Violent Unravell  Hex/Tmut       9%         3d6       50%         5
 Metabolic Englaciation   Hex/Ice        2%         N/A       98%         5


Dungeon Overview and Level Annotations

Branches:
Dungeon (11/15)            Temple (1/1) D:6            Lair (1/6) D:10
    Orc (0/2) D:11

Altars:
Nemelex Xobeh
Zin

Shops:
D:4 [   D:6 *

Annotations:
D:6 Grinder
D:9 Maurice
D:10 3 runed translucent doors, exclusion: 3 doors, Cralpanu's ghost, journeyman FoFi


Innate Abilities, Weirdness & Mutations

You are a four-headed hydra.
You swim very quickly.
You can devour living enemies to heal.
You are amphibious.
Your maximum health is greatly increased.
Your armour is entirely melded.
You are incapable of wielding weapons or throwing items.
((You can breathe blasts of noxious fumes.))
((Your lurid green scales are hard. (AC +7)))
You cannot fit into any form of body armour.
((Your system is resistant to poisons. (rPois)))
((You are cold-blooded and may be slowed by cold attacks.))


Message History

The polar bear is engulfed in noxious fumes.
The polar bear appears confused.
Casting: Beastly Appendage (safe; 1% risk of failure)
Confirm with . or Enter, or press ? or * to list all spells.
You turn into a four-headed hydra.
Your +0 cloak melds into your body.
Your +0 pair of gloves melds into your body.
The eight-headed hydra roars!
The polar bear is engulfed in noxious fumes.
The polar bear appears confused.
You nip at the eight-headed hydra.
The eight-headed hydra is lightly wounded.
The eight-headed hydra barely misses you.
The eight-headed hydra bites you. x3; The eight-headed hydra misses you.
The eight-headed hydra bites you! x2
The eight-headed hydra barely misses you.
The polar bear is engulfed in noxious fumes.
You bite the eight-headed hydra!
The eight-headed hydra is moderately wounded.
You block the eight-headed hydra's attack.
The eight-headed hydra barely misses you.
The eight-headed hydra completely misses you.
The eight-headed hydra barely misses you.
The eight-headed hydra bites you but does no damage.
The eight-headed hydra bites you!
You block the eight-headed hydra's attack.
The eight-headed hydra bites you!
You bite the eight-headed hydra!
The eight-headed hydra is heavily wounded.
The eight-headed hydra bites you but does no damage.
The eight-headed hydra bites you! The eight-headed hydra bites you.
The eight-headed hydra bites you!
* * * LOW HITPOINT WARNING * * *
The eight-headed hydra bites you!
* * * LOW HITPOINT WARNING * * *
The eight-headed hydra closely misses you.
The eight-headed hydra bites you!
* * * LOW HITPOINT WARNING * * *
The eight-headed hydra bites you!
You die...
Your body glows slightly and disappears.

###.##.####P...#.............#
#........[.................#
#.#....................###.≈#
........÷......########## ≈≈≈
.....P......°....# #≈
.....#.......°...#
.............°..>#
####.......h..°D.#
#..#........°D.#
##.#.......).<.# #...........#
##..........# ##........P#
##......### ##....## ##..##
###


You could see an eight-headed hydra and a polar bear (confused).

Vanquished Creatures
  Urug (Lair:1)
  Pikel (D:5)
  A deep elf pyromancer (D:10)
  Joseph (D:7)
  A komodo dragon (Lair:1)
  A polar bear (Lair:1)
  17 yaks
  A steam dragon (D:9)
  A warg (D:10)
  2 acid dragons
  6 water moccasins
  2 sky beasts
  3 orc warriors
  3 ogres
  4 centaurs
  2 lemures (D:5)
  A kobold brigand (D:6)
  6 bullfrogs
  2 scorpions
  2 wyvern zombies
  2 howler monkeys (D:8)
  4 wights
  3 electric eels (D:7)
  2 centaur zombies
  2 bullfrog zombies
  3 hounds
  A gnoll shaman (D:8)
  2 orc priests
  2 jellies
  A bullfrog skeleton (D:5)
  Terence (D:2)
  An iguana (D:6)
  3 orc wizards
  5 hell rats (Lair:1)
  3 howler monkey zombies
  3 adders
  7 gnolls
  A howler monkey skeleton (D:7)
  A shadow imp (D:6)
  A worm (D:3)
  5 dart slugs
  19 orcs
  5 bats
  9 endoplasms
  3 giant cockroaches
  2 goblins
  6 hobgoblins
  A quokka (D:3)
  12 ball pythons
  5 frilled lizards
  8 kobolds
  4 rats
185 creatures vanquished.

Vanquished Creatures (collateral kills)
  An ogre (D:4)
  A lemure (D:5)
2 creatures vanquished.

Vanquished Creatures (others)
  35 fungi (D:10)
  103 plants
138 creatures vanquished.

Grand Total: 325 creatures vanquished

Notes
Turn   | Place    | Note
-------+----------+-------------------------------------------
     0 | D:1      | st0uf the Draconian Transmuter began the quest for the Orb.
     0 | D:1      | Reached XP level 1. HP: 16/16 MP: 3/3
   169 | D:1      | Found a faded altar of an unknown god.
   173 | D:1      | Became a worshipper of Nemelex Xobeh the Trickster
   173 | D:1      | Reached * piety under Nemelex Xobeh
   271 | D:1      | Received a gift from Nemelex Xobeh
   282 | D:1      | Reached XP level 2. HP: 23/23 MP: 3/5
   904 | D:2      | Reached XP level 3. HP: 13/28 MP: 4/6
  1377 | D:2      | HP: 1/28 [gnoll/+0 halberd (9)]
  1379 | D:2      | Reached skill level 1 in Stealth
  1797 | D:2      | Noticed Terence
  1805 | D:2      | Killed Terence
  1806 | D:2      | Reached XP level 4. HP: 32/36 MP: 5/7
  1904 | D:2      | Reached skill level 3 in Transmutations
  2152 | D:2      | Reached ** piety under Nemelex Xobeh
  3766 | D:4      | Received a gift from Nemelex Xobeh
  3785 | D:4      | Reached XP level 5. HP: 36/41 MP: 8/8
  4150 | D:4      | Found Paur's Antique Armour Shop.
  4168 | D:4      | Identified the +1 helmet of Midwinter {-Tele Will+ rCorr}
  4178 | D:4      | Reached *** piety under Nemelex Xobeh
  4245 | D:4      | Identified the +3 ring mail "Cunnuor" {Rampage +Blink rC-
                  | rN+}
  4385 | D:4      | Noticed an ogre
  4396 | D:4      | Killed an ogre
  4397 | D:4      | Reached XP level 6. HP: 48/50 MP: 10/10
  4436 | D:5      | Entered Level 5 of the Dungeon
  4638 | D:5      | Received a gift from Nemelex Xobeh
  4664 | D:5      | Noticed an orange demon
  4755 | D:5      | Noticed Pikel
  4782 | D:5      | Killed Pikel
  4783 | D:5      | Reached skill level 4 in Transmutations
  4783 | D:5      | Your scales start taking on a lurid green colour.
  4783 | D:5      | Reached XP level 7. HP: 23/57 MP: 9/12
  4783 | D:5      | Gained mutation: Your system is resistant to poisons.
                  | (rPois) [Green Draconian growth]
  4871 | D:5      | Reached skill level 5 in Transmutations
  5074 | D:5      | Reached XP level 8. HP: 66/66 MP: 13/13
  5582 | D:5      | Received a gift from Nemelex Xobeh
  5841 | D:5      | Reached **** piety under Nemelex Xobeh
  6393 | D:6      | Reached skill level 5 in Unarmed Combat
  6393 | D:6      | Reached skill level 6 in Transmutations
  6396 | D:6      | Learned a level 2 spell: Wereblood
  6400 | D:6      | Learned a level 3 spell: Spider Form
  6421 | D:6      | Found a staircase to the Ecumenical Temple.
  6439 | Temple   | Entered the Ecumenical Temple
  6650 | D:6      | Noticed Grinder
  6680 | D:6      | Found Zin's Purification Station.
  6682 | D:6      | Found a glowing silver altar of Zin.
  6910 | D:7      | Reached skill level 1 in Poison Magic
  7048 | D:7      | Received a gift from Nemelex Xobeh
  7078 | D:7      | Reached XP level 9. HP: 43/72 MP: 15/15
  7409 | D:7      | Noticed Joseph
  7472 | D:7      | Killed Joseph
  7473 | D:7      | Reached skill level 5 in Fighting
  7842 | D:7      | Reached skill level 7 in Transmutations
  9012 | D:8      | Reached skill level 5 in Stealth
  9012 | D:8      | Reached skill level 5 in Spellcasting
  9452 | D:8      | Reached skill level 5 in Dodging
  9682 | D:9      | Received a gift from Nemelex Xobeh
 10166 | D:9      | Noticed Maurice
 10250 | D:9      | Reached XP level 10. HP: 49/83 MP: 17/17
 10832 | D:10     | Entered Level 10 of the Dungeon
 11074 | D:10     | Reached skill level 8 in Transmutations
 11373 | D:10     | Found a staircase to the Lair.
 11679 | D:10     | Received a gift from Nemelex Xobeh
 12129 | D:10     | Reached ***** piety under Nemelex Xobeh
 12139 | D:10     | Reached skill level 5 in Poison Magic
 12164 | D:10     | Learned a level 5 spell: Hydra Form
 12169 | D:10     | Learned a level 4 spell: Petrify
 12255 | D:10     | Noticed a deep elf pyromancer
 12262 | D:10     | Found a runed translucent gate.
 12262 | D:10     | Noticed Cralpanu's ghost (journeyman FoFi)
 12269 | D:10     | Killed a deep elf pyromancer
 12290 | D:10     | Found a runed translucent gate.
 12300 | D:10     | Found a runed translucent gate.
 12302 | D:10     | Noticed a yaktaur captain
 12713 | D:11     | Found a staircase to the Orcish Mines.
 12729 | D:10     | Reached skill level 1 in Earth Magic
 12742 | Lair:1   | Entered Level 1 of the Lair of Beasts
 13271 | Lair:1   | Reached skill level 9 in Transmutations
 13302 | Lair:1   | Reached XP level 11. HP: 53/91 MP: 20/20
 13320 | Lair:1   | Noticed Urug
 13535 | Lair:1   | Killed Urug
 13583 | Lair:1   | Noticed an eight-headed hydra
 13678 | Lair:1   | Slain by an eight-headed hydra

Illustrated notes

Levels and vault maps discovered:
D:1:      dpeg_arrival_court, layout_basic,
          hellmonk_ecumenical_altar_heavens_door, minmay_misc_feat_square
D:2:      layout_loops_corners, roderic_lattice_a, minmay_tromino_v7,
          uniq_terence
D:3:      layout_basic
D:4:      layout_cave_pools, serial_shops, shop, minmay_ruptured
D:5:      layout_loops_corners, uniq_pikel
D:6:      layout_loops_cross, zin_purify, temple_green,
          chequers_serial_rivers_large_a, uniq_grinder
D:7:      layout_rooms, serial_bayou, serial_bayou_lagoon_a,
          serial_bayou_pond_d, serial_bayou_lake_a, serial_bayou_pond_d,
          uniq_joseph
D:8:      layout_rooms, serial_glass, glass_columns_b, glass_columns_a,
          minmay_holes
D:9:      layout_roguey, uniq_maurice
D:10:     layout_loops_corners, due_lair_maze_entry_diamond,
          gammafunk_ghost_split
D:11:     layout_roguey, minmay_orc_entry_guard_dogs, serial_shops, shop,
          kennysheep_generic_room_12, uniq_snorg
Temple:   roderic_octagonal_lattice_temple
Lair:1:   lemuel_reptile_caves, layout_gridlike, cheibrodos_lair_lostbears,
          uniq_urug

Skill      XL: |  1  2  3  4  5  6  7  8  9 10 |
---------------+-------------------------------+-----
Dodging        | 2 3 4 5 |  5.9
Stealth        | 1 2 3 4 5 6 |  6.0
Transmutations | 3 4 5 6 7 9 |  9.1
Fighting       | 2 3 4 5 6 |  6.8
Unarmed Combat | 4 5 6 |  6.9
Spellcasting   | 3 4 5 6 |  6.0
Poison Magic   | 1 3 5 |  5.6
Earth Magic    | 1 |  1.6

Action                   |  1- 3 |  4- 6 |  7- 9 | 10-12 || total
-------------------------+-------+-------+-------+-------++-------
Melee: Unarmed           |    80 |    98 |   321 |   264 ||   763
       Kick              |    13 |    19 |    84 |    57 ||   173
       Headbutt          |    10 |    17 |    50 |    40 ||   117
       Tailslap          |     5 |     8 |    43 |    36 ||    92
       Punch             |       |     1 |     5 |     7 ||    13
 Cast: Beastly Appendage |    16 |    28 |    47 |    16 ||   107
       Spider Form       |       |       |       |     3 ||     3
       Wereblood         |       |       |       |     1 ||     1
       Hydra Form        |       |       |       |     1 ||     1
Invok: Draw Destruction  |     2 |     4 |     3 |     2 ||    11
       Draw Summoning    |       |     3 |       |       ||     3
       Triple Draw       |       |       |     1 |       ||     1
       Draw Escape       |       |       |     1 |       ||     1
 Abil: Breathe Noxious F |       |       |    32 |    18 ||    50
  Use: Potion            |       |       |       |     1 ||     1
 Stab: Sleeping          |     1 |     3 |     5 |     2 ||    11
       Confused          |       |       |    19 |    19 ||    38
Armor: Skin              |    17 |    14 |    65 |    38 ||   134
Dodge: Dodged            |    41 |    68 |   197 |   145 ||   451
Block: Other             |       |       |     8 |    43 ||    51
       Reflection        |       |       |       |     1 ||     1

Table legend: (Time is in decaauts)
 A = Elapsed time spent in this place.
 B = Non-inter-level travel time spent in this place.
 C = Inter-level travel time spent in this place.
 D = Time resting spent in this place.
 E = Time spent auto-exploring this place.
 F = Levels seen in this place.
 G = Mean time per level.
                   A        B        C        D        E       F      G
               +--------+--------+--------+--------+--------+-----+--------+
         Total |  13656 |  13412 |    244 |   3333 |   7528 |  13 | 1050.5 |
       Dungeon |  13300 |  13056 |    244 |   3315 |   7393 |  11 | 1209.1 |
        Temple |      1 |      1 |      0 |      0 |      0 |   1 |    1.0 |
          Lair |    354 |    354 |      0 |     18 |    135 |   1 |  354.0 |
               +--------+--------+--------+--------+--------+-----+--------+

Top non-repeatable levels by time:
    D:10: 2446 daAuts
     D:7: 1688 daAuts
     D:2: 1573 daAuts
     D:9: 1295 daAuts
     D:5: 1262 daAuts
     D:1: 1137 daAuts
     D:6: 994 daAuts
     D:3: 991 daAuts
     D:8: 987 daAuts
     D:4: 919 daAuts
  Lair:1: 354 daAuts
    D:11: 4 daAuts
  Temple: 1 daAuts
